 Dungeon Sprint DCSS version 0.30-a0-777-ga9a30cbeda (webtiles) character file.

Game seed: 12767782790618912906

2 sircluck the Trooper (level 1, -10/20 HPs)
             Began as a Hill Orc Fighter on Feb 13, 2023.
             Mangled by an elephant (15 damage)
             ... in the Dungeon (Sprint VII: "The Pits").
             The game lasted 00:00:34 (18 turns).

sircluck the Trooper (Hill Orc Fighter)               Turns: 18, Time: 00:00:35

Health: -10/20     AC:  7    Str: 18    XL:     1   Next: 40%
Magic:  1/1        EV:  9    Int:  8    God:
Gold:   0          SH:  4    Dex: 10    Spells: 0/0 levels left

rFire   . . .      SeeInvis .    a - +0 war axe
rCold   . . .      Faith    .    c - +0 buckler
rNeg    . . .      Spirit   .    b - +0 scale mail
rPois   .          Reflect  .    (no helmet)
rElec   .          Harm     .    (no cloak)
rCorr   .          Rampage  .    (no gloves)
Will    .....      NoTele   +    (no boots) Stlth
                                 (no amulet)
HPRegen 0.23/turn                (no ring)
MPRegen 0.07/turn                (no ring)

@: no status effects
A: no striking features
a: no special abilities


You were in the Dungeon.
You visited 1 branch

Inventory:

Hand Weapons
 a - a +0 war axe (weapon)
Armour
 b - a +0 scale mail (worn)
 c - a +0 buckler (worn)
Scrolls
 j - a scroll of blinking
Potions
 d - a potion of might
 e - a potion of curing
 f - a potion of heal wounds
 g - a potion of haste
 h - 2 potions of magic
 i - a potion of berserk rage


   Skills:
 + Level 4.1 Fighting
 + Level 2.9 Axes
 + Level 3.7 Armour
 + Level 3.7 Shields


You couldn't memorise any spells.
You didn't know any spells.
Your spell library was empty.

Dungeon Overview and Level Annotations

Branches:
Dungeon (1/1)

Altars:


Message History

An elephant and 4 jackals come into view.
The elephant trumpets!
The jackal barks! x3
There is a huge open gate to the Metal Vault (Medium) here.
You hit the jackal.
The jackal is severely wounded.
You closely miss the jackal. The jackal barely misses you.
The jackal bites you but does no damage.
You block the jackal's attack.
You closely miss the jackal.
The jackal is severely wounded.
You barely miss the jackal. x2; The jackal barely misses you.
You block the jackal's attack. The jackal barely misses you.
You block the jackal's attack.
The jackal bites you but does no damage.
You hit the jackal.
You kill the jackal!
You closely miss the jackal. You slash the elephant!
The elephant completely misses you. The elephant closely misses you.
You hit the elephant but do no damage.
The elephant is lightly wounded.
You hit the jackal.
You kill the jackal!
You block the elephant's attack. The elephant closely misses you.
Your Fighting skill increases to level 4!
You hit the elephant.
The elephant is lightly wounded.
You closely miss the jackal. x2; The jackal closely misses you. x2
The elephant tramples you!
Ouch! That really hurt!
You stumble backwards!
The elephant closely misses you. The elephant trunk-slaps you.
You are too injured to fight recklessly!
You are too injured to fight recklessly!
The jackal attacks as you move away!
The jackal bites you but does no damage.
The jackal bites you.
* * * LOW HITPOINT WARNING * * *
The elephant tramples you!
Ouch! That really hurt!
You die...

##########++######
#................#
#......#..#......#
#................+
+................+
#......#..#......#
#........@hh.....#
####'#####Y†######
#.......##''#
#.......##....
#.......##......
#...<...##.....##
#.......##...###
#.......##..##
#.......##++#


You could see an elephant and 2 jackals.

Vanquished Creatures
  2 jackals (D)
2 creatures vanquished.

Notes
Turn   | Place    | Note
-------+----------+-------------------------------------------
     0 | D        | sircluck the Hill Orc Fighter began the quest for the Orb.
     0 | D        | Reached XP level 1. HP: 19/19 MP: 1/1
    11 | D        | Noticed an elephant
    17 | D        | Reached skill level 4 in Fighting
    18 | D        | Mangled by an elephant

Illustrated notes

Levels and vault maps discovered:
D:        pitsprint [storerooms_1, entrance_room_1, metal_vault_4, armoury_2,
          mini_pit_1, grid_room_1, main_hall_1, silver_pit, the_coven_1,
          the_vestibule_1, steel_vault_3, golden_pit, hallway_of_sentries,
          crystal_vault_5, iron_vault_4, final_vault]

Skill      XL: |  1 |
---------------+----+-----
Fighting       | 4 |  4.1
Axes           | |  2.9
Armour         | |  3.7
Shields        | |  3.7

Action                     || total
---------------------------++-------
  Melee: War axe           ||     5
 Armour: Scale mail        ||     3
  Dodge: Dodged            ||     9
  Block: Buckler           ||     4

Table legend: (Time is in decaauts)
 A = Elapsed time spent in this place.
 B = Non-inter-level travel time spent in this place.
 C = Inter-level travel time spent in this place.
 D = Time resting spent in this place.
 E = Time spent auto-exploring this place.
 F = Levels seen in this place.
 G = Mean time per level.
                   A        B        C        D        E       F      G
               +--------+--------+--------+--------+--------+-----+--------+
         Total |     20 |     20 |      0 |      0 |     11 |   1 |   20.0 |
       Dungeon |     20 |     20 |      0 |      0 |     11 |   1 |   20.0 |
               +--------+--------+--------+--------+--------+-----+--------+

Top non-repeatable levels by time:
       D: 20 daAuts
